 Dungeon Crawl Stone Soup version 0.30.0-5-g1a98f26d00 (webtiles) character file.

Game seed: 10889594122392403164

383 Irreverend the Trooper (level 6, 0/56 HPs)
             Began as a Minotaur Fighter on May 10, 2023.
             Succumbed to a gnoll sergeant's poison
             ... on level 4 of the Dungeon.
             The game lasted 00:04:47 (2138 turns).

Irreverend the Trooper (Minotaur Fighter)           Turns: 2138, Time: 00:04:48

Health: 0/56       AC: 11    Str: 23    XL:     6   Next: 47%
Magic:  5/5        EV:  9    Int:  5    God:
Gold:   267        SH:  4    Dex:  9    Spells: 5/5 levels left

rFire   . . .        a - +0 flail
rCold   . . .        c - +0 buckler
rNeg    . . .        b - +0 scale mail
rPois   .            (helmet restricted)
rElec   .            j - +2 cloak
rCorr   .            g - +0 pair of gloves
SInv    .            (no boots)
Will    .....        (no amulet) Stlth
                     (no ring)
HPRegen 0.29/turn    (no ring)
MPRegen 0.09/turn

%: no passive effects
@: mighty, lethally poisoned (0 -> -8)
A: horns 2, retaliatory headbutt
a: no special abilities


You were on level 4 of the Dungeon.
You visited 1 branch of the dungeon, and saw 4 of its levels.
You also visited: Sewer.

You collected 267 gold pieces.

Inventory:

Hand Weapons
 a - a +0 flail (weapon)
 s - a +0 flail
Armour
 b - a +0 scale mail (worn)
 c - a +0 buckler (worn)
 g - a +0 pair of gloves (worn)
 j - a +2 cloak (worn)
 p - a scarf of resistance
Scrolls
 e - a scroll of blinking {unknown}
 f - 4 scrolls of identify {unknown}
 i - 3 scrolls of noise {unknown}
 k - 2 scrolls of enchant weapon {unknown}
 n - 3 scrolls of enchant armour {unknown}
 q - a scroll of teleportation {unknown}
 r - a scroll of poison {unknown}
Potions
 h - 3 potions of haste
 l - a potion of curing
 m - a potion of heal wounds {unknown}
 o - 2 potions of flight {unknown}


   Skills:
 + Level 5.4 Fighting
 + Level 4.7 Maces & Flails
 + Level 5.3 Armour
 + Level 5.3 Shields


You had 5 spell levels left.
You didn't know any spells.
Your spell library contained the following spells:

 Spells                   Type           Power      Damage    Failure   Level
 Ozocubu's Armour         Ice            0%         N/A       99%         3
 Summon Ice Beast         Ice/Summ       0%         N/A       100%        4
 Summon Mana Viper        Hex/Summ       0%         N/A       100%        5
 Monstrous Menagerie      Summ           0%         N/A       100%        7
 Ozocubu's Refrigeration  Ice            0%         4d7       100%        7


Dungeon Overview and Level Annotations

Branches:
Dungeon (4/15)              Sewer (visited)
 Temple: D:4-7

Altars:
Ashenzari
Hepliaklqana
Kikubaaqudgha
Qazlal
Sif Muna


Innate Abilities, Weirdness & Mutations

You have a pair of horns on your head.
You reflexively headbutt those who attack you in melee.


Message History

The endoplasm hits you but does no damage.
The gnoll hits you but does no damage.
You feel very sick.
The gnoll sergeant hits you with a +2 spear of venom.
* * * LOW HITPOINT WARNING * * *
You are lethally poisoned!
The gnoll sergeant attacks as you move away!
The gnoll sergeant hits you with a +2 spear of venom.
* * * LOW HITPOINT WARNING * * *
You are more poisoned.
The endoplasm attacks as you move away! The endoplasm barely misses you.
You furiously retaliate!
You headbutt the endoplasm!
You kill the endoplasm!
* * * LOW HITPOINT WARNING * * *
You feel very sick. The gnoll sergeant closely misses you.
It was a potion of curing.
You feel better.
The gnoll sergeant hits you from afar with a +2 spear of venom.
* * * LOW HITPOINT WARNING * * *
You are lethally poisoned!
The gnoll hits you but does no damage.
You feel better.
The gnoll sergeant hits you but does no damage.
You are poisoned.
The gnoll hits you but does no damage.
You feel very mighty all of a sudden.
You feel sick.
The gnoll sergeant hits you but does no damage.
You are lethally poisoned!
The gnoll hits you but does no damage.
* * * LOW HITPOINT WARNING * * *
You feel very sick.
* * * LOW HITPOINT WARNING * * *
You feel very sick. The gnoll sergeant misses you.
The gnoll hits you from afar with a +0 spear.
* * * LOW HITPOINT WARNING * * *
You hit the gnoll sergeant.
The gnoll sergeant is moderately wounded.
You die...

##### #)# #..####.#.# #
>.# ##.# #<..# ##### #.##
#.## ##..#
.##.####.######..####..#
.........................
#.#..###.#######.##....###
#........ #.......##.#
#....#### ##.##.#### .#
#....### #..##@# ..
.......#####.###g##
.##..#.......# #gg#
.#.[..##.##### ##g#
##.##.##..## #g.
#.##......######...
#.##...##...........
#.....##########.....
#.###.# #......


You could see a gnoll sergeant and 4 gnolls.

Vanquished Creatures
  Pargi (Sewer)
  An ogre (D:4)
  A hound (D:4)
  3 gnolls (D:3)
  7 adders
  A worm (D:2)
  2 dart slugs
  3 orcs
  9 bats
  5 endoplasms
  5 giant cockroaches
  3 goblins (D:1)
  13 hobgoblins
  2 jackals (D:1)
  2 quokkas
  2 ball pythons
  5 frilled lizards
  4 kobolds
  6 rats
75 creatures vanquished.

Notes
Turn   | Place    | Note
-------+----------+-------------------------------------------
     0 | D:1      | Irreverend the Minotaur Fighter began the quest for the
                  | Orb.
     0 | D:1      | Reached XP level 1. HP: 19/19 MP: 0/0
   139 | D:1      | Reached XP level 2. HP: 27/27 MP: 1/1
   728 | D:2      | Reached XP level 3. HP: 28/33 MP: 2/2
   859 | D:2      | Reached XP level 4. HP: 39/41 MP: 3/3
  1440 | D:3      | Found a glowing drain.
  1465 | D:3      | Found a hazy altar of Hepliaklqana.
  1563 | D:3      | Reached XP level 5. HP: 47/47 MP: 4/4
  1642 | D:3      | You fall into a shaft and drop 1 floor!
  1645 | D:4      | Found a stormy altar of Qazlal.
  1646 | D:4      | Found an ancient bone altar of Kikubaaqudgha.
  1646 | D:4      | Found a broken altar of Ashenzari.
  1647 | D:4      | Found a shimmering blue altar of Sif Muna.
  1861 | Sewer    | Entered a sewer
  1947 | Sewer    | Noticed Pargi
  1960 | Sewer    | Killed Pargi
  1961 | Sewer    | Reached skill level 5 in Fighting
  1961 | Sewer    | Reached skill level 5 in Armour
  1961 | Sewer    | Reached skill level 5 in Shields
  1961 | Sewer    | Reached XP level 6. HP: 49/56 MP: 5/5
  2137 | D:4      | HP: 2/56 [gnoll/+0 spear[a gnoll sergeant] (3)]
  2138 | D:4      | Succumbed to a gnoll sergeant's poison

Illustrated notes

Levels and vault maps discovered:
D:1:      dpeg_arrival_morbid_curiosity, layout_basic, grunt_decor_arrowhead,
          reono_crystal_passage
D:2:      layout_rooms
D:3:      layout_basic, mainiacjoe_overflow_tiny_flanked, gup_sewer_entry_glass
D:4:      layout_rooms, chequers_temple_overflow_statue_of_worship,
          minmay_temple_entry_enclosed_plants, saegor_snake_ambush

Skill      XL: |  1  2  3  4  5 |
---------------+----------------+-----
Fighting       | 4 5 |  5.4
Shields        | 4 5 |  5.3
Armour         | 4 5 |  5.3
Maces & Flails | 3 4 |  4.7

Action                     |  1- 3 |  4- 6 || total
---------------------------+-------+-------++-------
  Melee: Flail             |    70 |   109 ||   179
         Headbutt          |     8 |    14 ||    22
    Use: Potion            |       |     3 ||     3
 Armour: Scale mail        |    53 |   103 ||   156
  Dodge: Dodged            |    37 |    70 ||   107
  Block: Buckler           |    22 |    34 ||    56
